 Dungeon Crawl Stone Soup version 0.27-a0-506-g2188dfaaa0 (webtiles) character file.

Game seed: 241535547146324514

12 Morbidden the Skirmisher (level 2, 24/24 HPs)
             Began as a Demonspawn Fighter on Mar 3, 2021.
             Quit the game on level 1 of the Dungeon.
             The game lasted 00:00:39 (287 turns).

Morbidden the Skirmisher (Demonspawn Fighter)        Turns: 287, Time: 00:00:40

Health: 24/24      AC:  6    Str: 16    XL:     2   Next: 20%
Magic:  2/2        EV:  6    Int:  9    God:
Gold:   2          SH:  8    Dex: 12    Spells: 1/1 levels left

rFire    . . .     SeeInvis .   a - +0 long sword
rCold    . . .     Faith    .   c - +0 kite shield
rNeg     . . .     Spirit   .   b - +0 scale mail
rPois    .         Reflect  .   (no helmet)
rElec    .         Harm     .   (no cloak)
rCorr    .         Rampage  .   (no gloves)
Will     .....                  (no boots)
Stlth    ..........             (no amulet)
HPRegen  0.08/turn              (no ring)
MPRegen  0.08/turn              (no ring)

@: no status effects
A: claws 1
a: no special abilities


You were on level 1 of the Dungeon.
You visited 1 branch of the dungeon, and saw 1 of its levels.

You collected 2 gold pieces.

Inventory:

Hand Weapons
 a - a +0 long sword (weapon)
Armour
 b - a +0 scale mail (worn)
 c - a +0 kite shield (worn)
Scrolls
 f - a scroll of enchant armour
Potions
 d - 2 potions of might


   Skills:
 * Level 3.4 Fighting
 * Level 1.9 Long Blades
 + Level 2.8 Armour
 + Level 2.8 Shields


You had one spell level left.
You didn't know any spells.
Your spell library was empty.

Dungeon Overview and Level Annotations

Branches:
Dungeon (1/15)

Altars:


Innate Abilities, Weirdness & Mutations

You have sharp fingernails.


Message History

No target in view!
No target in view!
No target in view!
No target in view!
No target in view!
No target in view!
No target in view!
No target in view!
No target in view!
No target in view!
No target in view!
No target in view!
A goblin comes into view.
The goblin shouts!
A goblin is nearby!
A goblin is nearby!
You slash the goblin!
You kill the goblin!
g - a scroll labelled HAGEOCAROO No target in view!
Things that are here:
a +0 club; a hobgoblin corpse No target in view!
No target in view!
You aren't carrying any pieces of jewellery.
Unknown command.
Okay, then.
As you read the scroll labelled HAGEOCAROO, it crumbles to dust.
It is a scroll of identify.
f - a scroll of enchant armour
As you read the scroll labelled VUNEASAKHLO, it crumbles to dust.
The air around you briefly surges with heat, but it dissipates.
It was a scroll of immolation.
Unknown command.
Okay, then.
Are you sure you want to abandon this character and quit the game? (Confirm with "yes".)
Okay, then.
Search for what [? for help]?
Okay, then.
Are you sure you want to abandon this character and quit the game? (Confirm with "yes".)

...... ...####.####...#
#.... #....##'##....##
##....# #...........##
+......## ###.......###
# #.....#############
###.
#.....(..###########....
#.....................)
#...†.......#..........
#..####@##.............
#..#.....#†##..........
#....###.#.##..........
.... .>###..........
###. #.# ##'######### #
#.# #.###### # #.#
#......# # ..# ######.#
# #.# #


There were no monsters in sight!

Vanquished Creatures
  A goblin (D:1)
  3 hobgoblins (D:1)
  2 jackals (D:1)
  3 bats (D:1)
  2 rats (D:1)
11 creatures vanquished.

Notes
Turn   | Place    | Note
-------+----------+-------------------------------------------
     0 | D:1      | Morbidden the Demonspawn Fighter began the quest for the
                  | Orb.
     0 | D:1      | Reached XP level 1. HP: 18/18 MP: 1/1
   260 | D:1      | Gained mutation: You have sharp fingernails. [demonic
                  | ancestry]
   260 | D:1      | Reached XP level 2. HP: 24/24 MP: 2/2
   287 | D:1      | Quit the game

Illustrated notes

Levels and vault maps discovered:
D:1:      dpeg_arrival_concentric_ovals, layout_basic, minmay_small_reverse_x

Action                   || total
-------------------------++-------
Melee: Long sword        ||    23
  Use: Scroll            ||     2
Armor: Scale mail        ||    19
Dodge: Dodged            ||    10
Block: Kite shield       ||    14
       Rpst.: Long sword ||     6

Table legend: (Time is in decaauts)
 A = Elapsed time spent in this place.
 B = Non-inter-level travel time spent in this place.
 C = Inter-level travel time spent in this place.
 D = Time resting spent in this place.
 E = Time spent auto-exploring this place.
 F = Levels seen in this place.
 G = Mean time per level.
                   A        B        C        D        E       F      G
               +--------+--------+--------+--------+--------+-----+--------+
         Total |    300 |    300 |      0 |      0 |    233 |   1 |  300.0 |
       Dungeon |    300 |    300 |      0 |      0 |    233 |   1 |  300.0 |
               +--------+--------+--------+--------+--------+-----+--------+

Top non-repeatable levels by time:
     D:1: 300 daAuts
